 Dungeon Crawl Stone Soup version 0.24-a0-513-g284f782df5 (webtiles) character file.

Game seed: 6566485534837780899

126 Azzok the Firebug (level 5, -3/35 HPs)
             Began as a Barachi Fire Elementalist on July 20, 2019.
             Shot with an arrow by a centaur (12 damage)
             ... on level 3 of the Dungeon.
             The game lasted 00:02:59 (2514 turns).

Azzok the Firebug (Barachi Fire Elementalist)       Turns: 2514, Time: 00:02:59

Health: -3/35      AC:  3    Str:  9    XL:     5   Next: 9%
Magic:  6/10       EV: 12    Int: 17    God:
Gold:   96         SH:  0    Dex: 12    Spells: 2/10 levels left

rFire    . . .     SeeInvis .   h - +1 short sword (protect)
rCold    . . .     Gourm    .   (no shield)
rNeg     . . .     Faith    .   a - +0 robe
rPois    .         Spirit   .   i - +0 helmet
rElec    .         Reflect  .   (no cloak)
rCorr    .         Harm     .   (no gloves)
MR       .....                  (no boots)
Stlth    ++........             (no amulet)
HPRegen  0.11/turn              (no ring)
MPRegen  0.12/turn              (no ring)

@: slow
A: +LOS, swims, slowness 1, strong legs 1
a: Hop


You were on level 3 of the Dungeon.
You were not hungry.

You visited 1 branch of the dungeon, and saw 3 of its levels.

You collected 96 gold pieces.

Inventory:

Hand Weapons
 h - a +1 short sword of protection (weapon)
Armour
 a - a +0 robe (worn)
 i - a +0 helmet (worn)
Jewellery
 d - an uncursed ring of protection from magic {unknown}
 r - an uncursed amulet of the gourmand {unknown}
Scrolls
 b - a scroll of fear {unknown}
 e - 2 scrolls of enchant armour {unknown}
 g - 7 scrolls of identify {unknown}
 k - a scroll of enchant weapon {unknown}
 m - a scroll of teleportation {unknown}
 n - 3 scrolls of fog {unknown}
 o - a scroll of random uselessness {unknown}
 p - a scroll of amnesia {unknown}
 q - a scroll of remove curse {unknown}
Potions
 f - 3 potions of heal wounds {unknown}
 j - a potion of brilliance {unknown}
 l - a potion of invisibility {unknown}
Comestibles
 c - 2 rations


   Skills:
 - Level 2.1 Dodging
 - Level 1.7 Stealth
 + Level 3.4 Spellcasting
 + Level 3.0 Conjurations
 + Level 4.4 Fire Magic


You had 2 spell levels left.
You knew the following spells:

 Your Spells              Type           Power        Failure   Level  Hunger
a - Flame Tongue          Conj/Fire      ###..        3%          1    None
b - Conjure Flame         Conj/Fire      ###.....     11%         3    ###....
c - Sticky Flame          Conj/Fire      ###.....     34%         4    ####...

Your spell library contained the following spells:

 Spells                   Type           Power        Failure   Level  Hunger
 Throw Flame              Conj/Fire      ###...       5%          2    ##.....
 Inner Flame              Hex/Fire       ##......     21%         3    ###....
 Fireball                 Conj/Fire      ###.......   69%         5    ######.


Dungeon Overview and Level Annotations

Branches:
Dungeon (3/15)

Altars:
Ru


Innate Abilities, Weirdness & Mutations

Shadows flee at your approach. (+LOS)
You can swim through water.
You cover ground slowly.
You can hop short distances.


Message History

The centaur shoots an arrow.
The arrow hits you but does no damage.
Casting: Flame Tongue (safe; 3% risk of failure)
Confirm with . or Enter, or press ? or * to list all spells.
Aiming: Flame Tongue (safe; 3% risk of failure)
Press: ? - help, Shift-Dir - straight line, f/p - centaur
Aim: a centaur, wielding a +0 shortbow (moderately wounded)
The flame tongue hits the centaur!
The centaur is severely wounded.
The centaur shoots an arrow.
The arrow hits you!
Casting: Flame Tongue (safe; 3% risk of failure)
Confirm with . or Enter, or press ? or * to list all spells.
Aiming: Flame Tongue (safe; 3% risk of failure)
Press: ? - help, Shift-Dir - straight line, f/p - centaur
Aim: a centaur, wielding a +0 shortbow (severely wounded)
The flame tongue hits the centaur.
The centaur is severely wounded.
The centaur shoots an arrow.
The arrow hits you!
* * * LOW HITPOINT WARNING * * *
The centaur shoots an arrow.
The arrow hits you!
You die...

▒▒▒▒▒▒
▒▒·····▒
▒·······▒▒
········(▒
········@▒
·········▒
·······<·▒
········c▒
·········▒
·········▒
·········▒
·········▒
·········▒


You could see a centaur.

Vanquished Creatures
  An orc wizard (D:2)
  Robin (D:2)
  3 adders (D:2)
  2 worms (D:2)
  A dart slug (D:1)
  2 leopard geckos
  8 bats
  2 giant cockroaches (D:2)
  10 goblins
  6 hobgoblins
  7 kobolds
  A quokka (D:2)
  A frilled lizard (D:2)
  5 rats
50 creatures vanquished.

Notes
Turn   | Place    | Note
-------+----------+-------------------------------------------
     0 | D:1      | Azzok the Barachi Fire Elementalist began the quest for the
                  | Orb.
     0 | D:1      | Reached XP level 1. HP: 13/13 MP: 3/3
   239 | D:1      | Reached XP level 2. HP: 19/19 MP: 0/5
   954 | D:2      | Reached XP level 3. HP: 21/24 MP: 1/7
  1380 | D:2      | Noticed Robin
  1396 | D:2      | Reached skill level 4 in Fire Magic
  1408 | D:2      | Killed Robin
  1408 | D:2      | Reached XP level 4. HP: 18/30 MP: 0/8
  1720 | D:2      | Found a sacrificial altar of Ru.
  1731 | D:2      | Reached XP level 5. HP: 29/35 MP: 0/10
  2148 | D:3      | Noticed a centaur
  2163 | D:2      | Learned a level 3 spell: Conjure Flame
  2168 | D:2      | Learned a level 4 spell: Sticky Flame
  2514 | D:3      | Shot with an arrow by a centaur

Levels and vault maps discovered:
D:1:      minmay_arrival_glassed_features, layout_basic,
          hangedman_decor_clover_reticule
D:2:      layout_loops_ring, nicolae_ru_great_annihilating_truth, uniq_robin
D:3:      layout_rooms, cheibriados_altar_1, nicolae_overflow_quartered_altars,
          minmay_shallow_snake_nest, uniq_sigmund

Skill      XL: |  1  2  3  4 |
---------------+-------------+-----
Conjurations   | 2 3 |  3.0
Spellcasting   | 3 |  3.4
Fire Magic     | 4 |  4.4
Dodging        | |  2.1
Stealth        | |  1.7

Action                   |  1- 3 |  4- 6 || total
-------------------------+-------+-------++-------
Melee: Short sword       |    33 |     9 ||    42
 Cast: Flame Tongue      |    41 |    26 ||    67
 Stab: Sleeping          |     2 |       ||     2
  Eat: Chunk             |     2 |     2 ||     4
       Ration            |       |     1 ||     1
Armor: Robe              |    26 |    10 ||    36
Dodge: Dodged            |    48 |    32 ||    80

Table legend:
 A = Non-vault XP
 B = Vault XP
 C = Vault XP percentage of total XP
 D = Non-vault monster count
 E = Vault monster count
 F = Vault count percentage of total count
                 A         B        C        D         E       F
            +---------+---------+-------+---------+---------+-------
      Total |      98 |      82 |  45.6 |      39 |      11 |  22.0
            +---------+---------+-------+---------+---------+-------
        D:1 |      30 |       0 |   0.0 |      16 |       0 |   0.0
        D:2 |      68 |      82 |  54.7 |      23 |      11 |  32.4
            +---------+---------+-------+---------+---------+-------
